 Dungeon Crawl Stone Soup version 0.23.1 (webtiles) character file.

Game seed: 350876652276882795

15 LostNumber the Caller (level 2, -4/16 HPs)
             Began as a Kobold Summoner on Mar 6, 2019.
             Killed from afar by Jessica (11 damage)
             ... with a wand of flame (18)
             ... on level 2 of the Dungeon.
             The game lasted 00:01:58 (1642 turns).

LostNumber the Caller (Kobold Summoner)             Turns: 1642, Time: 00:01:59

Health: -4/16      AC:  2    Str:  5    XL:     2   Next: 65%
Magic:  5/5        EV: 15    Int: 16    God:
Gold:   38         SH:  0    Dex: 15    Spells: 2/5 levels left

rFire    . . .     SeeInvis .   f - +0 dagger
rCold    . . .     Gourm    .   (shield restricted)
rNeg     . . .     Faith    .   a - +0 robe
rPois    .         Spirit   .   (no helmet)
rElec    .         Reflect  .   (no cloak)
rCorr    .         Harm     .   (no gloves)
MR       .....                  (no boots)
Stlth    ++........             (no amulet)
HPRegen  0.05/turn              (no ring)
MPRegen  0.09/turn              (no ring)

@: no status effects
A: small, carnivore
a: no special abilities


You were on level 2 of the Dungeon.
You were completely stuffed.

You visited 1 branch of the dungeon, and saw 2 of its levels.

You collected 38 gold pieces.

Inventory:

Hand Weapons
 b - a +0 club
   (You took it off a goblin on level 1 of the Dungeon)
 f - a +0 dagger (weapon)
   (You took it off a goblin on level 1 of the Dungeon)
Armour
 a - a +0 robe (worn)
 k - a scarf of cloud immunity
   (You found it on level 2 of the Dungeon)
Jewellery
 g - a cursed ring of teleportation {unknown}
   (You found it on level 1 of the Dungeon)
Scrolls
 c - a scroll of magic mapping {unknown}
 d - a scroll of enchant weapon {unknown}
 h - a scroll of identify {unknown}
 i - a scroll of remove curse {unknown}
 l - a scroll of immolation {unknown}
Potions
 j - a potion of lignification {unknown}
Comestibles
 e - 5 rations {!d}


   Skills:
 + Level 0.9 Fighting
 - Level 2.4 Dodging
 - Level 2.6 Stealth
 + Level 2.4 Spellcasting
 * Level 4.3 Summonings


You had 2 spell levels left.
You knew the following spells:

 Your Spells              Type           Power        Failure   Level  Hunger
a - Summon Small Mammal   Summ           ###.         3%          1    #......
x - Call Imp              Summ           ###.....     4%          2    ###....

Your spell library contained the following spells:

 Spells                   Type           Power        Failure   Level  Hunger
 Call Canine Familiar     Summ           ###.....     10%         3    ###....
 Summon Guardian Golem    Hex/Summ       #.......     24%         3    ###....
 Summon Ice Beast         Ice/Summ       #.......     63%         4    #####..
 Summon Lightning Spire   Summ/Air       #.......     63%         4    #####..


Dungeon Overview and Level Annotations

Branches:
Dungeon (2/15)

Altars:

Annotations:
D:2 Jessica


Innate Abilities, Weirdness & Mutations

You are small and have problems with some larger weapons.
You are carnivorous and can eat meat at any time.


Message History

Eating a chunk of flesh.
You eat the chunk of flesh.
This raw flesh tastes great.
Your crimson imp blinks!
You swap places.
Found a scroll labeled LENIDW NISSA.
l - a scroll labeled LENIDW NISSA You swap places.
Your crimson imp disappears in a puff of smoke!
You open the door.
There is an open door here.
A goblin comes into view.
The goblin wields a +0 hunting sling.
The goblin shoots a stone.
The stone hits you.
You see here a stone.
A goblin is nearby!
The goblin shoots a stone.
The stone hits you but does no damage.
You see here a stone.
A goblin is nearby!
The goblin shoots a stone.
The stone hits you.
You see here a stone.
The goblin shoots a stone.
The stone misses you.
You see here a stone.
The goblin unwields a +0 hunting sling.
The goblin completely misses you.
A beastly little devil appears in a puff of flame.
The goblin closely misses you.
A beastly little devil appears in a puff of frigid air.
The goblin hits you.
You hit the goblin. The goblin barely misses you.
Your white imp hits the goblin.
The goblin dies!
No target in view!
No target in view!
Things that are here:
a +0 hunting sling; 8 stones Your crimson imp blinks!
Found a mace.
Found a hunting sling.
Found 24 stones.
Found 13 gold pieces.
You now have 38 gold pieces (gained 13).
Found a ration.
e - 5 rations {!d} (gained 1) Jessica the Apprentice Sorceress comes into view.
She is wielding a -1 dagger and carrying a wand of flame (19).
Jessica zaps a wand.
The puff of flame hits you!
* * * LOW HITPOINT WARNING * * *
Jessica zaps a wand.
The puff of flame hits you!
Ouch! That really hurt!
You die...

#. #.# #. #@# #. #.#
#. #.# #@ #.# #.#
#.# #.### #.@.#
###.# #.# +#### #.#
..... #.# .(... #.#
..... #.#
.....############.##
...................#


You could see Jessica.

Vanquished Creatures
  A goblin (D:1)
  A hobgoblin (D:1)
  A ball python (D:1)
  2 bats
  A rat (D:1)
6 creatures vanquished.

Vanquished Creatures (collateral kills)
  A worm (D:2)
  2 bats (D:1)
  2 hobgoblins (D:1)
  5 goblins
10 creatures vanquished.

Grand Total: 16 creatures vanquished

Notes
Turn   | Place    | Note
-------+----------+-------------------------------------------
     0 | D:1      | LostNumber the Kobold Summoner began the quest for the Orb.
     0 | D:1      | Reached XP level 1. HP: 10/10 MP: 3/3
   836 | D:1      | Reached XP level 2. HP: 16/16 MP: 1/5
   841 | D:1      | Learned a level 2 spell: Call Imp
  1628 | D:2      | Noticed Jessica
  1642 | D:2      | Killed from afar by Jessica

Action                   || total
-------------------------++-------
Melee: Dagger            ||    40
       Club              ||     9
       Unarmed           ||     7
 Cast: Summon Small Mamm ||    19
       Call Imp          ||     6
 Stab: Distracted        ||     1
       Sleeping          ||     2
  Eat: Chunk             ||    11
Armor: Robe              ||     8
Dodge: Dodged            ||    58
